 Dungeon Crawl Stone Soup version 0.23-a0-577-g2b1de94 (webtiles) character file.

739902 AverageBear the Ninja (level 27, -1/235 HPs)
             Began as a Vampire Enchanter on Dec 14, 2018.
             Was an Initiate of Gozag.
             Killed from afar by an orb of fire (16 damage)
             ... with a bolt of fire
             ... on level 5 of the Realm of Zot on Dec 15, 2018.
             The game lasted 05:11:44 (89588 turns).

AverageBear the Ninja (Vampire Enchanter)          Turns: 89588, Time: 05:11:45

Health: -1/235     AC: 40    Str: 19    XL:     27
Magic:  34/34      EV: 28    Int: 21    God:    Gozag
Gold:   1355       SH: 16    Dex: 23    Spells: 22/58 levels left

rFire    + + .     SeeInvis +   o - +9 rapier (freeze)
rCold    + + +     Gourm    .   W - +1 shield {AC+3}
rNeg     + + +     Faith    .   T - +4 shadow dragon scales "Geoffioje" {Dex+3 Stlth++++}
rPois    ∞         Spirit   .   B - +2 hat {Int+3}
rElec    +         Reflect  .   G - +2 cloak {MR+}
rCorr    .         Harm     .   s - +2 pair of gloves {Str+3}
MR       +++++                  U - +2 pair of boots {run}
Stlth    ++++++++++             Z - necklace of Bloodlust {*Rage +Rage MR++ Int-3 Slay+6 *Curse}
HPRegen  0.00/turn              Y - ring "Hyefep" {rPois rF++ MP-9 Str+3 Dex+3}
MPRegen  0.24/turn              H - ring of Dim Light {rElec rC+ Str+4 Dex-5 SInv}

@: marked, bloodless, non-regenerating, hasted, very quick
A: antennae 1, fangs 3, see invisible, clever 1, deterioration 1, robust 1, weak
1, unbreathing, subdued magic 2, MP-powered wands, sturdy frame 1
}: 4/15 runes: serpentine, barnacled, silver, abyssal
a: Bat Form, Potion Petition, Call Merchant, Bribe Branch, Renounce Religion,
Evoke Berserk Rage


You were on level 5 of the Realm of Zot.
You worshipped Gozag.
Gozag was most pleased with you.
You were bloodless.

You visited 11 branches of the dungeon, and saw 53 of its levels.
You visited the Abyss 3 times.
You visited 2 bazaars.
You also visited: Trove, Sewer, Ice Cave and Desolation.

You collected 39538 gold pieces.
You spent 10939 gold pieces at shops.
You paid 27244 gold pieces to Gozag.

Inventory:

Hand Weapons
 o - a +9 rapier of freezing (weapon)
Missiles
 w - 12 throwing nets (quivered)
Armour
 s - a +2 pair of gloves of strength (worn)
 B - a +2 hat of intelligence (worn)
 G - a +2 cloak of magic resistance (worn)
 T - the +4 shadow dragon scales "Geoffioje" (worn) {Dex+3 Stlth++++}
   (You found it on level 4 of the Shoals)

   It affects your dexterity (+3).
   It makes you much more stealthy.
 U - a +2 pair of boots of running (worn)
 W - a +1 shield of protection (worn)
Jewellery
 H - the ring of Dim Light (right hand) {rElec rC+ Str+4 Dex-5 SInv}
   (You found it in an ice cave)

   [ring of protection from cold]

   It affects your strength (+4).
   It affects your dexterity (-5).
   It protects you from cold.
   It insulates you from electricity.
   It lets you see invisible.
 Y - the ring "Hyefep" (left hand) {rPois rF++ MP-9 Str+3 Dex+3}
   (You found it in the Desolation of Salt)

   [ring of poison resistance]

   It affects your strength (+3).
   It affects your dexterity (+3).
   It greatly protects you from fire.
   It protects you from poison.
   It affects your magic capacity (-9).
 Z - the necklace of Bloodlust (around neck) {*Rage +Rage MR++ Int-3 Slay+6 *Curse}
   (You bought it in a shop on level 2 of the Elven Halls)

   [amulet of rage]

   It affects your intelligence (-3).
   It affects your accuracy and damage with ranged weapons and melee attacks
   (+6).
   It affects your resistance to hostile enchantments.
   It lets you go berserk.
   It may make you go berserk in combat.
   It curses itself when equipped.
Wands
 h - a wand of enslavement (15)
 v - a wand of flame (126)
 C - a wand of random effects (24)
 D - a wand of paralysis (33)
 F - a wand of digging (5)
 J - a wand of acid (37)
 K - a wand of iceblast (52)
 L - a wand of disintegration (33)
 M - a wand of scattershot (24)
 N - a wand of clouds (7)
Scrolls
 a - 12 scrolls of identify
 c - 9 scrolls of amnesia
 e - 31 scrolls of remove curse
 g - 10 scrolls of fear
 i - 2 scrolls of blinking
 m - 9 scrolls of enchant weapon
 n - 3 scrolls of magic mapping
 r - a scroll of enchant armour
 x - 8 scrolls of vulnerability
 y - 4 scrolls of fog
 z - 2 scrolls of silence
 A - 2 scrolls of immolation
 I - 2 scrolls of summoning
 O - a scroll of brand weapon
 P - 3 scrolls of torment
 S - 11 scrolls of teleportation
Potions
 d - 2 potions of brilliance
 f - 8 potions of mutation
 k - 11 potions of agility
 l - 4 potions of invisibility
 q - 8 potions of curing
 t - a potion of magic
 u - 6 potions of haste
 E - 4 potions of might
 R - 4 potions of resistance
 V - 3 potions of cancellation
Miscellaneous
 j - a box of beasts
 p - 3 phantom mirrors
 Q - a sack of spiders
 X - a lamp of fire


   Skills:
 - Level 17.0 Fighting
 - Level 14.0 Short Blades
 - Level 20.4 Armour
 - Level 24.0 Dodging
 O Level 27 Stealth
 - Level 15.4 Shields
 - Level 16.0 Spellcasting
 - Level 2.1 Conjurations
 O Level 27 Hexes
 - Level 4.4 Charms
 - Level 10.0 Summonings
 + Level 10.6 Necromancy
 - Level 4.0 Fire Magic
 - Level 5.0 Air Magic
 - Level 2.0 Poison Magic


You had 22 spell levels left.
You knew the following spells:

 Your Spells              Type           Power        Failure   Level  Hunger
a - Corona                Hex            ######.      0%          1    None
b - Ensorcelled Hibernat  Hex/Ice        #####.       0%          2    None
c - Confuse               Hex            ######..     0%          3    None
d - Tukima's Dance        Hex            ######..     0%          3    None
e - Conjure Flame         Conj/Fire      ###.....     5%          3    None
f - Mephitic Cloud        Conj/Pois/Air  ###.....     5%          3    None
g - Invisibility          Hex            ######..     0%          6    #####..
h - Inner Flame           Hex/Fire       ######..     0%          3    None
i - Shroud of Golubria    Chrm/Tloc      ###.......   3%          2    None
j - Vampiric Draining     Necr           #####.....   1%          3    None
k - Summon Mana Viper     Hex/Summ       ######..     1%          5    ###....
l - Song of Slaying       Chrm           ###.....     1%          2    None

Your spell library contained the following spells:

 Spells                   Type           Power        Failure   Level  Hunger
 Slow                     Hex            ######..     0%          2    None
 Spectral Weapon          Hex/Chrm       ######..     0%          3    None
 Cause Fear               Hex            ######....   0%          4    None
 Darkness                 Hex            ######....   0%          6    #####..
 Animate Skeleton         Necr           N/A          1%          1    None
 Flame Tongue             Conj/Fire      ###..        1%          1    None
 Infusion                 Chrm           ###.         1%          1    None
 Pain                     Necr           ####         1%          1    None
 Shock                    Conj/Air       ###.         1%          1    None
 Summon Butterflies       Summ           #####...     1%          1    None
 Call Imp                 Summ           #####...     1%          2    None
 Corpse Rot               Necr           N/A          1%          2    None
 Swiftness                Chrm/Air       ###.....     1%          2    None
 Dazzling Spray           Conj/Hex       #####.       1%          3    None
 Portal Projectile        Hex/Tloc       #####.       1%          3    None
 Recall                   Summ/Tloc      N/A          1%          3    None
 Regeneration             Chrm/Necr      ####......   1%          3    None
 Animate Dead             Necr           N/A          1%          4    None
 Fulminant Prism          Conj/Hex       #####.....   1%          4    None
 Leda's Liquefaction      Hex/Erth       #####.....   1%          4    None
 Metabolic Englaciation   Hex/Ice        #####.....   1%          5    ###....
 Silence                  Hex/Air        ######....   1%          5    ###....
 Magic Dart               Conj           ###.         2%          1    None
 Aura of Abjuration       Summ           #####.....   2%          5    ###....
 Summon Demon             Summ           #####.....   2%          5    ###....
 Searing Ray              Conj           ###...       3%          2    None
 Static Discharge         Conj/Air       ###.....     4%          3    None
 Apportation              Tloc           ##....       6%          1    None
 Beastly Appendage        Tmut           ##....       6%          1    None
 Ignite Poison            Fire/Tmut/Pois ###.....     9%          3    None
 Airstrike                Air            ###.......   9%          4    None
 Blink                    Tloc           N/A          11%         2    None
 Sticks to Snakes         Tmut           ##......     11%         2    None
 Spider Form              Tmut/Pois      ##........   14%         3    None
 Stone Arrow              Conj/Erth      ##....       14%         3    None
 Shadow Creatures         Summ           N/A          19%         6    #####..
 Sticky Flame             Conj/Fire      ###.....     21%         4    None
 Gell's Gravitas          Tloc           ##........   22%         3    None
 Lesser Beckoning         Tloc           ##........   22%         3    None
 Teleport Other           Tloc           ##......     22%         3    None
 Borgnjor's Vile Clutch   Necr/Erth      ###.......   24%         5    ###....
 Summon Forest            Summ/Tloc      ###.......   26%         5    ###....
 Iskenderun's Mystic Bla  Conj           ###.....     30%         4    None
 Force Lance              Conj/Tloc      ##......     45%         4    None
 Lightning Bolt           Conj/Air       ###.......   45%         5    ###....
 Iskenderun's Battlesphe  Conj/Chrm      ###.....     50%         5    ###....
 Fireball                 Conj/Fire      ###.......   54%         5    ###....
 Ice Form                 Ice/Tmut       ##......     61%         4    None
 Passage of Golubria      Tloc           N/A          61%         4    None
 Bolt of Magma            Conj/Fire/Erth ###.......   69%         5    ###....
 Venom Bolt               Conj/Pois      ###.......   69%         5    ###....
 Haunt                    Necr/Summ      #####.....   69%         7    ######.
 Simulacrum               Ice/Necr       ###.......   82%         6    #####..
 Alistair's Intoxication  Tmut/Pois      ##......     83%         5    ###....
 Blade Hands              Tmut           ##........   92%         5    ###....
 Lee's Rapid Deconstruct  Erth           ##........   92%         5    ###....
 Bolt of Fire             Conj/Fire      ###.......   98%         6    #####..
 Freezing Cloud           Conj/Ice/Air   ###.......   99%         6    #####..
 Spellforged Servitor     Conj/Summ      ####......   99%         7    ######.
 Bolt of Cold             Conj/Ice       ##........   100%        6    #####..
 Dispersal                Tloc           ##........   100%        6    #####..
 Iron Shot                Conj/Erth      ##........   100%        6    #####..
 Ozocubu's Refrigeration  Ice            ##........   100%        6    #####..
 Malign Gateway           Summ/Tloc      ###.......   100%        7    ######.
 Orb of Destruction       Conj           ###.......   100%        7    ######.
 Ring of Flames           Chrm/Fire      ###.......   100%        7    ######.
 Disjunction              Tloc           ##........   100%        8    #######
 Ignition                 Fire           ###.......   100%        8    #######
 Infestation              Necr           #####.....   100%        8    #######
 Shatter                  Erth           ##........   100%        9    #######
 Tornado                  Air            ###.......   100%        9    #######
 Borgnjor's Revivificati  Necr           Unusable     N/A         8    N/A
 Death's Door             Chrm/Necr      Unusable     N/A         8    N/A
 Necromutation            Tmut/Necr      Unusable     N/A         8    N/A

Dungeon Overview and Level Annotations

Branches:
Dungeon (15/15)            Temple (1/1) D:6            Lair (6/6) D:8
 Shoals (4/4) Lair:2        Snake (4/4) Lair:2        Slime (0/5) Lair:6
    Orc (2/2) D:12            Elf (3/3) Orc:2        Vaults (5/5) D:13
  Crypt (3/3) Vaults:3       Tomb (0/3) Crypt:3      Depths (5/5) D:15
    Zot (5/5) Depths:5

Altars:
Ashenzari
Cheibriados
Dithmenos
Elyvilon
Fedhas
Gozag
Hepliaklqana
Kikubaaqudgha
Makhleb
Nemelex Xobeh
Okawaru
Qazlal
Ru
Sif Muna
Trog
Uskayaw
Vehumet
Wu Jian
Xom
Yredelemnul
Zin
The Shining One
Beogh
Jiyva

Shops:
D:6 :   D:8 ::?([   D:10 ?=!}*   D:11 %   D:14 *   Orc:2 }[**   Elf:2 =::%
Elf:3 [   Lair:6 =   Snake:1 [}   Snake:3 %%   Snake:4 (   Vaults:1 [!%
Vaults:2 ?   Vaults:3 (   Vaults:5 ****   Crypt:1 %   Zot:1 **   Zot:4 *
Depths:1 [%*(   Depths:2 ?

Portals:
Hell: Depths:1 Depths:2 Depths:3 Depths:4 Depths:5
Abyss: Depths:1 Depths:4
Pandemonium: Depths:3
Ziggurat: Depths:3

Annotations:
D:8 3 runed doors, Gorgormcgor's ghost, novice GrEE
D:9 2 runed doors, exclusion: ice statue
Lair:3 1 runed door, Veilal's ghost, journeyman TrBe
Shoals:4 exclusion: Roxanne, Roxanne
Vaults:2 Mennas
Depths:2 jalala's ghost, veteran GnWn
Zot:2 1 runed door, Cakev's ghost, master GrFi


Innate Abilities, Weirdness & Mutations

You do not heal naturally.
You are immune to poison.
You have razor-sharp teeth.
You have supernaturally acute eyesight. (SInv)
You can survive without breathing.
You have a pair of small antennae on your head.
Your mind is acute. (Int +2)
Your body sometimes deteriorates upon taking damage.
You are robust. (+10% HP)
You are weak. (Str -2)
Your spells are easier to cast, but less powerful.
You expend magic power (3 MP) to strengthen your wands.
Your movements are slightly less encumbered by armour. (ER -2)


Message History

The bolt of lightning misses you.
The orb of fire glows red.
The bolt of fire hits you! You resist.
* * * LOW HITPOINT WARNING * * *
There is a needle trap here.
Okay, then.
The orb of fire avoids triggering a bolt trap.
Okay, then. [a] - 330 gold - haste and heal wounds [b] - 364 gold - heal wounds and magic [c] - 312 gold - heal wounds and magic Purchase which effect?
You feel yourself speed up.
You feel much better.
The electric golem blinks!
The orb of fire glows red.
The fireball explodes!
The fireball engulfs you! You resist.
* * * LOW HITPOINT WARNING * * *
The orb of fire glows yellow.
The bolt of fire hits you! You resist.
You die...
Your body crumbles into a pile of gold.

▓ ▓ $ # ....... ...... ....!. {
§q.... #▓▓▓▓▓▓▓▓#▓▓##§....
###..^**..§....§§.$..
##...@##...q...p$.....
##########...###.{...^z§.$.....
.......^.....###.....^.$.§§.....
.............##
#...^.L.^....^.^. .............#
#.$*............^ #...........##
#.X....^......... #...........#
#...$.^.......^.. #...........##
#......^......... .............#
##......^........


You could see 2 orbs of fire.

Vanquished Creatures
  An orb of fire (Zot:1)
  An ancient lich (Crypt:3)
  The ghost of whatisthis the Merry Centaur, a veteran CeHu of Okawaru (Zot:1)
  A greater mummy (Crypt:2)
  Bai Suzhen (Crypt:2)
  Margery (Crypt:1)
  A Killer Klown (Zot:5)
  Xtahua (Vaults:2)
  4 curse toes
  A profane servitor (Abyss:5)
  2 caustic shrikes (Depths:4)
  Nikola (Depths:3)
  12 golden dragons
  2 bone dragons
  4 electric golems
  The ghost of xfalz the Sharpshooter, an adept GnSu of Ashenzari (Depths:1)
  2 Tzitzimimeh (Depths:1)
  The ghost of UnknownArk the Warrior, an adept TeBe of Trog (Depths:2)
  7 Orb Guardians (Zot:5)
  9 liches
  5 titans
  22 tentacled monstrosities
  Gastronok (D:8)
  3 deep elf blademasters
  10 quicksilver dragons
  A kraken (Shoals:2)
  2 deep elf master archers (Elf:3)
  14 sphinxes
  3 ancient champions
  7 death cobs
  6 tentacled starspawn
  2 Executioners
  A thorn hunter (Abyss:3)
  Polyphemus (Shoals:2)
  Kirke (Lair:4)
  8 tengu reavers
  13 storm dragons
  6 shadow dragons
  7 draconian monks
  3 revenants (Crypt:1)
  A shadow dragon (shapeshifter) (Vaults:5)
  The ghost of Ycheaf the Warrior, a journeyman MiFi of Okawaru (Depths:2)
  12 fire giants
  7 nagarajas
  Ilsuiw (Shoals:2)
  6 draconian knights
  5 deep elf sorcerers
  4 ghost moths
  28 vault wardens
  5 iron dragons
  13 draconian scorchers
  3 imperial myrmidons (Desolation)
  17 frost giants
  A cacodemon (Depths:3)
  4 deep elf elementalists
  5 draconian shifters
  4 ghouls
  11 draconian stormcallers
  18 ironheart preservers
  3 balrugs
  2 spriggan defenders (Depths:4)
  2 entropy weavers
  12 very ugly things
  4 draconian annihilators
  An entropy weaver (shapeshifter) (Vaults:5)
  3 reapers (Crypt:3)
  4 war gargoyles
  32 stone giants
  13 green draconians
  A dire elephant (Abyss:3)
  9 black draconians
  5 deep elf demonologists
  A lorocyproca (Abyss:2)
  3 vampire knights
  13 white draconians
  4 spark wasps
  3 halazid warlocks (Desolation)
  10 deep elf annihilators
  A green draconian (shapeshifter) (Zot:4)
  A white draconian (shapeshifter) (Zot:4)
  The ghost of Firecrotchwizard the Fighter, a journeyman VSAs of Uskayaw (Lair:6)
  13 purple draconians
  8 red draconians
  A purple draconian (shapeshifter) (Zot:4)
  10 yellow draconians
  13 ettins
  2 merfolk javelineers
  A blizzard demon (Abyss:3)
  9 eidola
  6 crystal guardians
  12 merfolk impalers
  10 deep elf death magi
  Snorg (Lair:5)
  9 deep elf high priests
  A mummy priest (Crypt:3)
  6 jiangshi (Crypt:1)
  7 fire dragons
  3 great orbs of eyes (shapeshifter)
  A quicksilver dragon zombie (Crypt:3)
  4 ragged hierophants (Desolation)
  22 yaktaur captains
  11 servants of whispers
  11 rakshasas
  Harold (Lair:1)
  31 vault guards
  14 ice dragons
  Fannar (Lair:3)
  10 great orbs of eyes
  2 alligator snapping turtles (Shoals:4)
  A hydra (Lair:6)
  6 peacekeepers (Desolation)
  13 naga warriors
  5 spriggan air magi
  A shambling mangrove (Abyss:3)
  3 merfolk avatars
  14 centaur warriors
  6 death knights
  8 ogre magi
  5 merfolk aquamancers
  An alligator snapping turtle (shapeshifter) (Vaults:5)
  An alligator (shapeshifter) (Zot:4)
  19 anacondas
  2 catoblepae
  2 satyrs
  19 two-headed ogres
  Urug (Orc:1)
  7 tengu warriors
  6 vampire magi
  16 deep troll shamans
  9 death yaks
  8 deep troll earth magi
  An orc high priest (Orc:2)
  7 hell hogs
  8 shock serpents
  17 thrashing horrors
  2 titan zombies (Crypt:2)
  11 spriggan berserkers
  Nergalle (Lair:3)
  40 deep elf knights
  A sun demon (Depths:3)
  7 wretched stars
  A shadow wraith (Crypt:2)
  5 naga sharpshooters
  9 soul eaters
  9 iron trolls
  3 spatial maelstroms
  10 unseen horrors
  6 salamander mystics
  47 skeletal warriors
  A quicksilver dragon simulacrum (Abyss:3)
  2 iron trolls (shapeshifter)
  10 flayed ghosts
  2 titan skeletons (Crypt:3)
  13 sea snakes
  3 sixfirhies
  37 hell knights
  35 deep trolls
  2 shadow dragon zombies
  3 anaconda zombies
  6 wizards
  5 glowing orange brains
  15 ironbrand convokers
  17 deep elf archers
  11 naga ritualists
  2 obsidian statues
  A lindwurm (shapeshifter) (Vaults:2)
  2 golden dragon skeletons (Crypt:3)
  17 orc knights
  23 harpies
  2 iron dragon zombies
  3 wolf spider zombies
  74 deep elf magi
  4 lindwurms (Snake:4)
  Pikel (D:8)
  28 large abominations
  5 wolf spiders
  19 phantasmal warriors
  An orb spider (Zot:4)
  3 fauns (Shoals:2)
  24 necromancers
  2 fire giant zombies
  A shining eye (shapeshifter) (Vaults:5)
  A stone giant zombie (Crypt:3)
  12 elephants
  10 orc sorcerers
  56 ugly things
  A sphinx skeleton (Crypt:1)
  18 mana vipers
  10 salamanders
  3 frost giant zombies (Crypt:3)
  3 centaur zombies
  A shining eye (Depths:3)
  20 moths of wrath
  4 cyclopes
  4 guardian serpents (shapeshifter)
  An ice statue (IceCv)
  A stone giant skeleton (Abyss:1)
  A human skeleton (Vaults:4)
  4 worldbinders
  38 black mambas
  10 merfolk sirens
  7 manticores
  5 frost giant skeletons
  An eye of devastation (Depths:3)
  A dire elephant zombie (Crypt:2)
  2 apocalypse crabs
  A water nymph (shapeshifter) (Vaults:4)
  Maurice (D:10)
  A rust devil (D:10)
  14 guardian serpents
  A torpor snail (shapeshifter) (Vaults:5)
  13 vault sentinels
  10 water nymphs
  2 hellions (Abyss:5)
  2 smoke demons (Abyss:3)
  3 orange demons
  Psyche (D:10)
  8 spiny frogs
  2 molten gargoyles (Lair:3)
  17 naga magi
  A red draconian zombie (Crypt:1)
  A spiny frog (shapeshifter) (Depths:4)
  3 efreet
  7 komodo dragons
  12 freezing wraiths
  A rime drake (shapeshifter) (D:15)
  An emperor scorpion zombie (Crypt:2)
  84 yaktaurs
  A komodo dragon (shapeshifter) (Vaults:4)
  A tormentor (Abyss:3)
  A tengu conjurer (Depths:4)
  3 guardian mummies (Crypt:2)
  26 merfolk
  3 ancient zymes (Abyss:3)
  16 hellwings
  An anaconda simulacrum (Crypt:1)
  3 rime drakes
  A catoblepas skeleton (Crypt:2)
  16 polar bears
  6 harpy zombies
  2 red devils
  A yaktaur skeleton (Vaults:4)
  A jumping spider (Vaults:5)
  A polar bear (shapeshifter) (Vaults:2)
  7 trolls
  A harpy skeleton (Crypt:3)
  3 hornets
  6 wind drakes
  15 raiju
  62 saltlings
  A raiju (shapeshifter) (Elf:2)
  An ettin zombie (Crypt:1)
  An ice dragon zombie (Abyss:1)
  An alligator zombie (Crypt:2)
  21 slime creatures
  5 snapping turtles
  12 blink frogs
  3 bog bodies
  2 fire dragon zombies (Crypt:3)
  A hippogriff (shapeshifter) (Vaults:3)
  6 hippogriffs
  Sigmund (D:2)
  11 flying skulls
  A centaur simulacrum (D:15)
  An air elemental (Elf:1)
  20 water elementals
  3 ushabtiu (Crypt:3)
  2 humans (D:9)
  2 spriggans (shapeshifter)
  2 ettin skeletons (Crypt:3)
  2 tarantellas (Vaults:4)
  3 wyverns
  8 ynoxinuls
  4 redbacks
  A shadow (Abyss:1)
  3 vampires (Vaults:3)
  A basilisk (shapeshifter) (Vaults:5)
  4 fire elementals
  16 wraiths
  47 yaks
  4 hogs (Lair:4)
  3 fire bats (Abyss:3)
  A tarantella (shapeshifter) (Abyss:1)
  2 basilisks
  A hog (shapeshifter) (Depths:1)
  A hungry ghost (D:13)
  4 golden eyes (Abyss:2)
  3 vampire mosquitoes (D:15)
  A steam dragon (D:11)
  4 chaos spawn
  5 insubstantial wisps (Abyss:3)
  10 neqoxecs
  A merfolk zombie (Crypt:3)
  32 nagas
  A spatial vortex (Abyss:3)
  8 wargs
  An acid dragon (D:15)
  2 floating eyes (shapeshifter)
  A hell hound (Abyss:1)
  12 water moccasins
  7 porcupines
  Duvessa (D:7)
  A black bear (shapeshifter) (D:15)
  A floating eye (Depths:4)
  A hydra simulacrum (Abyss:1)
  A monstrous demonspawn skeleton (Crypt:1)
  A spiny frog zombie (Crypt:2)
  3 ice beasts
  2 slaves (D:8)
  An eye of draining (shapeshifter) (Vaults:2)
  2 eyes of draining
  38 orc warriors
  8 sky beasts
  27 ogres
  4 snapping turtle zombies
  A spiny frog skeleton (Abyss:2)
  2 necrophages (Crypt:2)
  3 phantoms
  A fire dragon simulacrum (Abyss:3)
  2 black bears
  11 boggarts
  17 wolves
  A blink frog skeleton (Crypt:2)
  4 crocodiles
  9 centaurs
  A torpor snail zombie (Crypt:1)
  An elf skeleton (Vaults:4)
  23 small abominations
  3 big kobolds
  13 bullfrogs
  3 earth elementals
  Dowan (D:7)
  2 wyvern zombies
  9 wyvern skeletons (Crypt:3)
  11 scorpions
  22 killer bees
  A spriggan skeleton (Crypt:3)
  22 wights
  A howler monkey (D:4)
  12 electric eels
  5 lava snakes
  6 crimson imps
  2 bullfrog zombies
  16 starcursed masses
  3 quasits
  A soldier ant zombie (Crypt:1)
  4 jellies
  4 bullfrog skeletons
  4 hounds
  2 iron imps
  30 orc priests
  8 centaur skeletons
  Natasha (thrice) (D:3)
  7 iguanas
  40 orc wizards
  13 worker ants
  A tengu zombie (Crypt:3)
  A naga zombie (Crypt:3)
  A crocodile zombie (Crypt:1)
  A big kobold skeleton (Crypt:2)
  A hound zombie (D:8)
  An acid dragon skeleton (Crypt:2)
  4 hound skeletons
  4 mummies (Crypt:2)
  A worker ant zombie (D:9)
  14 gnolls
  17 adders
  4 shadow imps
  13 white imps
  2 ufetubi (Abyss:1)
  5 oozes
  An adder skeleton (D:5)
  3 adder zombies
  3 worms (Sewer)
  3 dart slugs
  12 leopard geckos
  95 orcs
  3 ball pythons
  A bat skeleton (Crypt:1)
  5 giant cockroaches
  7 goblins
  8 hobgoblins
  14 jackals
  6 quokkas
  12 bats
  A dart slug zombie (Crypt:2)
  6 frilled lizards
  2 jackal skeletons (D:6)
  A jackal zombie (D:6)
  19 kobolds
  3 leopard gecko skeletons
  2 leopard gecko zombies
  An orc skeleton (Crypt:2)
  8 rats
  A lurking horror (Abyss:5)
  5 starspawn tentacles
  5 tentacles
2955 creatures vanquished.

Vanquished Creatures (collateral kills)
  Boris (Crypt:2)
  An iron giant (Depths:2)
  6 Orb Guardians (Zot:5)
  A tengu reaver (Depths:5)
  A fire giant (Depths:2)
  A frost giant (Depths:1)
  3 vault wardens
  A draconian annihilator (Zot:1)
  2 ironheart preservers
  A red draconian (Zot:4)
  A yellow draconian (Zot:5)
  6 ettins
  2 naga warriors (Snake:4)
  2 vault guards
  A spriggan air mage (Depths:2)
  An ogre mage (Vaults:1)
  A naga sharpshooter (Snake:4)
  A salamander mystic (Snake:4)
  2 unseen horrors (Abyss:3)
  4 skeletal warriors
  3 hell knights
  A glowing orange brain (Vaults:4)
  A phantasmal warrior (Depths:4)
  A harpy (Vaults:4)
  A necromancer (Depths:5)
  5 orc knights
  A deep elf mage (Elf:2)
  A moth of wrath (Zot:5)
  4 naga magi
  A black mamba (Snake:2)
  A gargoyle (D:13)
  3 yaktaurs
  A merfolk (Shoals:4)
  A hornet (Depths:5)
  A spriggan (Depths:5)
  2 nagas
  12 orc warriors
  An ogre (Vaults:5)
  A bullfrog (D:15)
  2 wights (D:14)
  9 orc priests
  A gnoll shaman (Orc:1)
  5 orc wizards
  2 gnolls (Orc:1)
  19 orcs
119 creatures vanquished.

Vanquished Creatures (others)
  An orb of fire (Zot:5)
  2 ancient liches (Zot:5)
  A Killer Klown (Zot:5)
  5 Orb Guardians (Zot:5)
  A sphinx (Depths:3)
  A very ugly thing (Vaults:5)
  A black draconian (Abyss:2)
  A great orb of eyes (Depths:3)
  A rakshasa (Zot:4)
  An ice dragon (Depths:3)
  3 vault guards (Vaults:5)
  A hell knight (Depths:3)
  2 deep elf archers
  2 ugly things (Depths:3)
  A deep elf mage (Elf:3)
  50 dancing weapons
  2 naga magi
  2 yaktaurs
  A blink frog (shapeshifter) (Vaults:1)
  A saltling (Desolation)
  3 humans (Lair:4)
  A naga (Snake:2)
  A hell hound (Abyss:3)
  A warg (Vaults:5)
  A floating eye (shapeshifter) (Vaults:1)
  A slave (D:8)
  An ogre (Vaults:4)
  A boggart (Depths:3)
  An eye of draining (Depths:3)
  A lava snake (Lair:3)
  An iron imp (D:10)
  A goblin (D:1)
  A bush (D:5)
  A butterfly (Zot:4)
  2 fungi
  4 lurking horrors
  24 plants
  13 starspawn tentacles
  12 tentacles
  2 withered plants (Lair:3)
153 creatures vanquished.

Grand Total: 3227 creatures vanquished

Notes
Turn   | Place    | Note
-------+----------+-------------------------------------------
     0 | D:1      | AverageBear the Vampire Enchanter began the quest for the
                  | Orb.
     0 | D:1      | Reached XP level 1. HP: 13/13 MP: 3/3
   258 | D:1      | Reached XP level 2. HP: 18/19 MP: 5/5
   755 | D:2      | Noticed Sigmund
   756 | D:2      | Reached XP level 3. HP: 24/24 MP: 6/6
   778 | D:1      | Learned a level 2 spell: Ensorcelled Hibernation
   782 | D:1      | Learned a level 3 spell: Confuse
   890 | D:2      | Killed Sigmund
   890 | D:2      | Reached XP level 4. HP: 28/30 MP: 0/7
   890 | D:2      | Reached XP level 5. HP: 33/35 MP: 0/8
  1421 | D:3      | Found a glowing drain.
  1474 | D:3      | Reached skill level 5 in Stealth
  1506 | Sewer    | Entered a sewer
  1788 | Sewer    | Reached XP level 6. HP: 40/41 MP: 9/9
  2072 | D:3      | Noticed Natasha
  2271 | D:3      | Killed Natasha
  2350 | D:3      | Noticed Natasha
  2350 | D:3      | HP: 2/41 [worm (3)]
  2609 | D:3      | HP: 1/41 [gnoll/+0 whip (8)]
  2844 | D:3      | Killed Natasha
  2979 | D:3      | Noticed Natasha
  2990 | D:3      | Killed Natasha
  3370 | D:3      | Reached skill level 5 in Hexes
  3584 | D:4      | Reached XP level 7. HP: 46/46 MP: 10/10
  4088 | D:4      | Found a burning altar of Makhleb.
  4088 | D:4      | Found a blossoming altar of Fedhas.
  4132 | D:4      | Reached skill level 10 in Stealth
  4284 | D:5      | Entered Level 5 of the Dungeon
  4454 | D:5      | Reached skill level 1 in Armour
  4521 | D:5      | Reached XP level 8. HP: 52/52 MP: 11/11
  5108 | D:5      | Found a snail-covered altar of Cheibriados.
  5722 | D:6      | Found Zugygor's Book Boutique.
  5746 | D:6      | Bought a book of Minor Magic for 260 gold pieces
  5750 | D:6      | Learned a level 3 spell: Tukima's Dance
  5832 | D:6      | Found a staircase to the Ecumenical Temple.
  5880 | Temple   | Entered the Ecumenical Temple
  6085 | D:6      | Got a transparent robe
  6096 | D:6      | Identified the +0 robe "Ovuirune" {MR+} (You found it on
                  | level 6 of the Dungeon)
  6124 | D:6      | Found an ornate altar of the Wu Jian Council.
  6334 | Temple   | Became a worshipper of Gozag Ym Sagoz the Greedy
  6992 | D:7      | Reached skill level 10 in Hexes
  7210 | D:7      | Reached XP level 9. HP: 57/57 MP: 12/12
  7493 | D:7      | Noticed Dowan
  7497 | D:7      | Noticed Duvessa
  7505 | D:7      | Killed Duvessa
  7513 | D:7      | Killed Dowan
  7703 | D:7      | Found a deep blue altar of Sif Muna.
  8095 | D:8      | Found a basalt altar of Yredelemnul.
  8097 | D:8      | Noticed a profane servitor
  8110 | D:8      | Found a glowing golden altar of the Shining One.
  8112 | D:8      | Noticed an angel
  8141 | D:8      | Found Qugy's Book Shop.
  8150 | D:8      | Found Ellilarghun's Book Shoppe.
  8327 | D:8      | Found Neliott's Magic Scroll Shoppe.
  8331 | D:8      | Bought 2 scrolls of enchant armour for 225 gold pieces
  8358 | D:8      | Noticed Gastronok
  8364 | D:8      | Found Ohaig's Antique Weapon Shop.
  8391 | D:8      | Killed Gastronok
  8391 | D:8      | Reached skill level 15 in Hexes
  8391 | D:8      | Reached XP level 10. HP: 36/63 MP: 13/13
  8697 | D:8      | Found a runed gate.
  8724 | D:8      | Found Cupnats's Antique Armour Emporium.
  8739 | D:8      | Bought a bronze ring mail for 225 gold pieces
  8749 | D:8      | Identified the +8 ring mail of Ywiekeyf {Dex+3} (You bought
                  | it in a shop on level 8 of the Dungeon)
  8787 | D:8      | Found a sacrificial altar of Ru.
  8805 | D:8      | Noticed Pikel
  8815 | D:8      | Killed Pikel
  9012 | D:8      | Found a staircase to the Lair.
  9213 | D:8      | Found a bloodstained altar of Trog.
  9346 | D:8      | Found a runed gate.
  9347 | D:8      | Found a runed gate.
  9348 | D:8      | Noticed a brown ugly thing
  9349 | D:8      | Noticed a red ugly thing
  9349 | D:8      | Noticed a white ugly thing
  9350 | D:8      | Noticed a brown ugly thing
  9447 | D:8      | Noticed a cyan ugly thing
  9451 | D:8      | Noticed a white ugly thing
  9488 | D:8      | Killed a red ugly thing
  9488 | D:8      | Killed a brown ugly thing
  9490 | D:8      | Killed a brown ugly thing
  9490 | D:8      | Killed a brown ugly thing
  9491 | D:8      | Killed a red ugly thing
  9491 | D:8      | Reached skill level 15 in Stealth
  9496 | D:8      | Killed a red ugly thing
  9496 | D:8      | Reached XP level 11. HP: 64/68 MP: 11/14
  9526 | D:8      | Found a runed gate.
  9526 | D:8      | Found a runed gate.
  9529 | D:8      | Found a runed gate.
  9545 | D:8      | Noticed Gorgormcgor's ghost (novice GrEE)
  9546 | D:8      | Noticed an orb spider
  9674 | D:9      | Found an iron altar of Okawaru.
  9774 | D:9      | Found a runed door.
  9787 | D:9      | Found a runed door.
  9811 | D:9      | Found a runed door.
  9950 | D:9      | Found a runed door.
 10048 | D:9      | Found a hazy altar of Hepliaklqana.
 10048 | D:9      | Found a shimmering altar of Xom.
 10076 | D:9      | Found a shattered altar of Ashenzari.
 10078 | D:9      | Found a faded altar of an unknown god.
 10079 | D:9      | Found a faded altar of an unknown god.
 10620 | D:10     | Entered Level 10 of the Dungeon
 10701 | D:10     | Found Mouzahov's Gadget Boutique.
 10707 | D:10     | Noticed a two-headed ogre
 10721 | D:10     | Killed a two-headed ogre
 10804 | D:10     | Noticed Psyche
 10810 | D:10     | Killed Psyche
 10813 | D:10     | Noticed Maurice
 10872 | D:10     | Killed Maurice
 10911 | D:10     | Found a basalt altar of Yredelemnul.
 10940 | D:10     | Found Ojanwucs's Jewellery Emporium.
 11080 | D:10     | Found Qaxt's Assorted Antiques.
 11083 | D:10     | Bought a ruby potion for 24 gold pieces
 11083 | D:10     | Bought a fuming red potion for 24 gold pieces
 11083 | D:10     | Bought a ruby potion for 24 gold pieces
 11230 | D:10     | Reached skill level 10 in Short Blades
 11317 | D:10     | Found Ahean's Magic Scroll Shoppe.
 11383 | D:10     | Bought a scroll of brand weapon for 240 gold pieces
 11383 | D:10     | Bought a scroll of enchant weapon for 90 gold pieces
 11401 | D:10     | Found Tiacsea's Distillery.
 11760 | Lair:1   | Entered Level 1 of the Lair of Beasts
 12007 | Lair:1   | Noticed Harold
 12014 | Lair:1   | Killed Harold
 12014 | Lair:1   | Reached skill level 5 in Dodging
 12244 | Lair:1   | Reached XP level 12. HP: 74/74 MP: 15/15
 12524 | Lair:1   | Learned a level 3 spell: Conjure Flame
 12528 | Lair:1   | Learned a level 3 spell: Mephitic Cloud
 12900 | Lair:2   | Found a staircase to the Snake Pit.
 13071 | Lair:2   | Found a staircase to the Shoals.
 13305 | Lair:3   | Reached skill level 1 in Conjurations
 13420 | Lair:3   | Found a frozen archway.
 13491 | IceCv    | Entered an ice cave
 13607 | IceCv    | Noticed a death yak
 13629 | IceCv    | Killed a death yak
 13980 | IceCv    | Gained mutation: Armour fits poorly on your strangely
                  | shaped body. [potion of mutation]
 13980 | IceCv    | Gained mutation: You have a pair of small antennae on your
                  | head. [potion of mutation]
 13981 | IceCv    | Lost mutation: Armour fits poorly on your strangely shaped
                  | body. [potion of mutation]
 13981 | IceCv    | Lost mutation: You have a pair of small antennae on your
                  | head. [potion of mutation]
 13981 | IceCv    | Gained mutation: Your mind is acute. (Int +2) [potion of
                  | mutation]
 13981 | IceCv    | Gained mutation: You are robust. (+10% HP) [potion of
                  | mutation]
 13981 | IceCv    | Gained mutation: You are partially covered in slimy green
                  | scales. (AC +2) [potion of mutation]
 13991 | IceCv    | Noticed a death yak
 14009 | IceCv    | Killed a death yak
 14009 | IceCv    | Reached skill level 5 in Armour
 14231 | IceCv    | Noticed a death yak
 14231 | IceCv    | Noticed a frost giant
 14246 | IceCv    | Killed a death yak
 14257 | IceCv    | Killed a frost giant
 14257 | IceCv    | Reached XP level 13. HP: 47/86 MP: 19/19
 14294 | IceCv    | Got a slimy golden ring
 14299 | IceCv    | Identified the ring of Dim Light {rElec rC+ Str+4 Dex-5
                  | SInv} (You found it in an ice cave)
 14302 | IceCv    | Got a crude whip
 14408 | Lair:3   | Noticed Nergalle
 14424 | Lair:3   | Killed Nergalle
 14424 | Lair:3   | Reached skill level 5 in Spellcasting
 14506 | Lair:3   | Noticed Fannar
 14513 | Lair:3   | Killed Fannar
 14907 | Lair:3   | Found a runed door.
 14907 | Lair:3   | Noticed Veilal's ghost (journeyman TrBe)
 15223 | Lair:4   | Noticed Kirke
 15257 | Lair:4   | Killed Kirke
 16282 | Lair:5   | Noticed Snorg
 16325 | Lair:5   | Killed Snorg
 16427 | Lair:5   | Identified the +2 whip of the Eternal Warrior {drain, rElec
                  | rN+ Dex+4} (You found it in an ice cave)
 16956 | Lair:6   | Entered Level 6 of the Lair of Beasts
 16956 | Lair:6   | Found a staircase to the Slime Pits.
 17269 | Lair:6   | Found a runed gate.
 17269 | Lair:6   | Found a runed gate.
 17269 | Lair:6   | Found a runed gate.
 17269 | Lair:6   | Noticed a death ooze
 17270 | Lair:6   | Noticed Firecrotchwizard's ghost (journeyman VSAs)
 17279 | Lair:6   | Found a viscous altar of Jiyva.
 17374 | Lair:6   | Killed Firecrotchwizard's ghost
 17374 | Lair:6   | Reached XP level 14. HP: 86/93 MP: 26/26
 17466 | Lair:6   | Got a slimy brass ring
 17468 | Lair:6   | Identified the ring of Conok {rF+ rC- MR+ Int+4} (You found
                  | it on level 6 of the Lair of Beasts)
 18428 | Lair:6   | Got a transparent granite ring
 18434 | Lair:6   | Identified the ring of Diboc {+Blink rPois} (You found it
                  | on level 6 of the Lair of Beasts)
 18973 | D:11     | Found Hefih's Food Emporium.
 19770 | D:12     | Found a roughly hewn altar of Beogh.
 19772 | D:12     | Found a staircase to the Orcish Mines.
 19982 | Orc:1    | Entered Level 1 of the Orcish Mines
 20020 | Orc:1    | Found a roughly hewn altar of Beogh.
 20300 | Orc:1    | You fall through a shaft!
 20300 | Orc:2    | Entered Level 2 of the Orcish Mines
 20304 | Orc:2    | Found a roughly hewn altar of Beogh.
 20324 | Orc:2    | Found a staircase to the Elven Halls.
 20329 | Orc:2    | Found a flickering gateway to a bazaar.
 20343 | Bazaar   | Entered a bazaar
 20357 | Bazaar   | Found Yqa Maotza's Armour Shoppe.
 20357 | Bazaar   | Found Plog's Antique Weapon Emporium.
 20367 | Bazaar   | Bought a crystal rapier for 162 gold pieces
 20368 | Bazaar   | Identified the +2 rapier of Patience {freeze, Str+4 Int+4}
                  | (You bought it in a shop in a bazaar)
 20395 | Bazaar   | Found Uqicec's Magic Scroll Emporium.
 20454 | Bazaar   | Bought a +0 pair of boots of running for 315 gold pieces
 20502 | Bazaar   | Bought 3 scrolls of acquirement for 3120 gold pieces
 20576 | Bazaar   | Got a pair of bloodstained boots
 20588 | Bazaar   | Identified the +0 pair of boots of Chimes {rPois rC++
                  | Int+5} (You acquired it in a bazaar)
 20920 | Orc:2    | Found Zeoxymeisen's Gadget Emporium.
 20920 | Orc:2    | Found Waxivaen's Armour Emporium.
 20921 | Orc:2    | Found Awu Ymmo's Assorted Antiques.
 20925 | Orc:2    | Found Areosaf's Assorted Antiques.
 20942 | Orc:2    | Bought a smoking rapier for 171 gold pieces
 20944 | Orc:2    | Identified the +9 rapier "Beetleslayer" {venom, rElec rPois
                  | rN+} (You bought it in a shop on level 2 of the Orcish
                  | Mines)
 21954 | Orc:1    | Noticed Urug
 21955 | Orc:1    | Killed Urug
 23107 | D:13     | Reached skill level 1 in Shields
 23283 | D:13     | Found a sparkling altar of Nemelex Xobeh.
 23537 | D:13     | Reached XP level 15. HP: 99/99 MP: 1/27
 23879 | D:13     | Found a gate to the Vaults.
 24535 | D:14     | Found Juha's General Store.
 24545 | D:14     | Bought a scroll of enchant armour for 127 gold pieces
 25059 | D:15     | Entered Level 15 of the Dungeon
 25059 | D:15     | Found a snail-covered altar of Cheibriados.
 25083 | D:15     | Reached skill level 27 in Stealth
 25614 | D:15     | Found a staircase to the Depths.
 26078 | D:8      | Bought a book of Party Tricks for 650 gold pieces
 26085 | D:8      | Learned a level 6 spell: Invisibility
 26089 | D:8      | Learned a level 3 spell: Inner Flame
 26092 | D:8      | Learned a level 2 spell: Shroud of Golubria
 26292 | Elf:1    | Entered Level 1 of the Elven Halls
 26450 | Elf:1    | Found a flickering gateway to a bazaar.
 26456 | Bazaar   | Entered a bazaar
 26458 | Bazaar   | Found Fawyac's Weapon Boutique.
 26462 | Bazaar   | Found Jazuid's Food Boutique.
 26462 | Bazaar   | Found Piuxacun's Book Boutique.
 26462 | Bazaar   | Found Osodeij's Book Boutique.
 27408 | Elf:2    | Paralysed by a floating eye for 2 turns
 27494 | Elf:2    | Reached XP level 16. HP: 105/105 MP: 22/28
 27496 | Elf:2    | Reached skill level 10 in Dodging
 27746 | Elf:2    | Found a huge runed gate.
 27746 | Elf:2    | Found a huge runed gate.
 27754 | Elf:2    | Found a huge runed gate.
 27782 | Elf:2    | Found Plog's Book Emporium.
 27789 | Elf:2    | Found Telor's Book Shoppe.
 27790 | Elf:2    | Found Posuif's Food Emporium.
 28812 | Elf:2    | Bought the cursed necklace of Bloodlust {*Rage +Rage MR++
                  | Int-3 Slay+6 *Curse} for 1314 gold pieces
 28812 | Elf:2    | Found the cursed necklace of Bloodlust {*Rage +Rage MR++
                  | Int-3 Slay+6 *Curse}
 28841 | Elf:2    | Noticed a deep elf blademaster
 28845 | Elf:2    | Killed a deep elf blademaster
 29315 | Elf:3    | Entered Level 3 of the Elven Halls
 30053 | Elf:3    | Reached skill level 15 in Dodging
 30336 | Elf:3    | Found a portal to a secret trove of treasure.
 30497 | Elf:3    | Identified the +7 scimitar of Tepsuin {drain, Dex+2}
 30497 | Elf:3    | Identified the amulet "Dies Avo" {Acrobat MR+}
 30700 | Elf:3    | Identified the ring "Fuukalen" {MR+ Dex+4}
 30708 | Elf:3    | Noticed a deep elf master archer
 30807 | Elf:3    | Reached XP level 17. HP: 111/111 MP: 22/29
 31013 | Elf:3    | Noticed a deep elf blademaster
 31030 | Elf:3    | Noticed a deep elf master archer
 31034 | Elf:3    | Reached skill level 1 in Air Magic
 31370 | Elf:3    | Killed a deep elf master archer
 31402 | Elf:3    | Reached skill level 1 in Poison Magic
 31584 | Elf:3    | Reached skill level 1 in Fighting
 31628 | Elf:3    | Noticed an Ice Fiend
 31871 | Elf:3    | Gained mutation: You tend to lose your temper in combat. [a
                  | neqoxec]
 31920 | Elf:3    | Noticed a Tzitzimitl
 32113 | Elf:3    | Killed a deep elf master archer
 32113 | Elf:3    | Reached skill level 5 in Fighting
 32123 | Elf:3    | Killed a deep elf blademaster
 32160 | Elf:3    | Identified the Volume of Conjuration
 32885 | Snake:1  | Entered Level 1 of the Snake Pit
 33010 | Snake:1  | Found Wyleamex's Armour Shop.
 33011 | Snake:1  | Found Temikh's Gadget Boutique.
 33544 | Snake:2  | You fall through a shaft!
 34943 | Snake:3  | Found Jieh's Food Shop.
 35030 | Snake:3  | Reached XP level 18. HP: 104/141 MP: 13/30
 35311 | Snake:3  | Found Gompyabe's Food Shoppe.
 35422 | Snake:4  | Entered Level 4 of the Snake Pit
 35540 | Snake:4  | Identified the cursed +0 war axe "Qodot" {freeze, Str+2
                  | Int+2} (You found it on level 4 of the Snake Pit)
 37516 | Snake:4  | Learned a level 3 spell: Vampiric Draining
 38020 | Snake:4  | Reached skill level 10 in Spellcasting
 38067 | Snake:4  | Got a serpentine rune of Zot
 38360 | Shoals:1 | Entered Level 1 of the Shoals
 39069 | Shoals:2 | Noticed Polyphemus
 39085 | Shoals:2 | Killed Polyphemus
 39098 | Shoals:2 | Reached XP level 19. HP: 147/147 MP: 29/33
 39387 | Shoals:2 | Noticed Ilsuiw
 39427 | Shoals:2 | Killed Ilsuiw
 40913 | Shoals:4 | Entered Level 4 of the Shoals
 40913 | Shoals:4 | Identified Roxanne's Catalogue of Shape Shifting
 40913 | Shoals:4 | Noticed Roxanne
 40995 | Shoals:4 | Reached skill level 10 in Armour
 41429 | Shoals:4 | Identified the +10 plate armour "Iwuepuk" {rPois Int-4
                  | Dex+3 SInv} (You found it on level 4 of the Shoals)
 41796 | Shoals:4 | Identified the +4 shadow dragon scales "Geoffioje" {Dex+3
                  | Stlth++++} (You found it on level 4 of the Shoals)
 41964 | Shoals:4 | Got a barnacled rune of Zot
 42469 | Depths:1 | Entered Level 1 of the Depths
 42702 | Depths:1 | Noticed a Tzitzimitl
 42703 | Depths:1 | Noticed a Tzitzimitl
 43121 | Depths:1 | Reached XP level 20. HP: 136/155 MP: 31/35
 43215 | Depths:1 | Bought a crude cloak for 323 gold pieces
 43215 | Depths:1 | Identified the +1 cloak of Editilecrox {rElec MR+ Regen+}
                  | (You bought it in a shop on level 1 of the Depths)
 43216 | Depths:1 | Bought a pair of embroidered gloves for 255 gold pieces
 43759 | Depths:1 | Found a shattered altar of Ashenzari.
 43784 | Depths:1 | Found a one-way gate to the infinite horrors of the Abyss.
 43788 | Depths:1 | Found a runed door.
 43788 | Depths:1 | Noticed xfalz's ghost (adept GnSu)
 43816 | Depths:1 | Killed xfalz's ghost
 43898 | Depths:1 | Found a gateway to Hell.
 44470 | Snake:1  | Bought a wand of digging (6) for 400 gold pieces
 45289 | Depths:2 | Found a white marble altar of Elyvilon.
 45491 | Depths:2 | Found a runed door.
 45981 | Depths:2 | Noticed UnknownArk's ghost (adept TeBe)
 45993 | Depths:2 | You fall through a shaft!
 45993 | Depths:3 | Found a gateway to a ziggurat.
 46127 | Depths:2 | Killed UnknownArk's ghost
 46147 | Depths:2 | Found a runed door.
 46156 | Depths:2 | Noticed a golden dragon
 46156 | Depths:2 | Noticed a golden dragon
 46158 | Depths:2 | Noticed Ycheaf's ghost (journeyman MiFi)
 46159 | Depths:2 | Found the +7 mace of Variability {chain chaos}
 46439 | Depths:2 | Killed Ycheaf's ghost
 46458 | Depths:2 | Killed a golden dragon
 46463 | Depths:2 | Killed a golden dragon
 46491 | Depths:2 | Found a runed door.
 46499 | Depths:2 | Noticed jalala's ghost (veteran GnWn)
 47876 | Depths:3 | Gained mutation: Your body sometimes deteriorates upon
                  | taking damage. [a cacodemon]
 47889 | Depths:2 | Gained mutation: You are weak. (Str -2) [a cacodemon]
 47894 | Depths:2 | Gained mutation: Your magical capacity is low. (-10% MP) [a
                  | cacodemon]
 47896 | Depths:2 | Lost mutation: Your magical capacity is low. (-10% MP) [a
                  | cacodemon]
 48201 | Vaults:1 | Entered Level 1 of the Vaults
 48328 | D:10     | Bought a potion of ambrosia for 216 gold pieces
 48528 | Vaults:1 | Reached XP level 21. HP: 53/161 MP: 30/38
 48543 | Vaults:1 | Lost mutation: You are weak. (Str -2) [potion of mutation]
 48543 | Vaults:1 | Lost mutation: You tend to lose your temper in combat.
                  | [potion of mutation]
 48543 | Vaults:1 | Lost mutation: Your body sometimes deteriorates upon taking
                  | damage. [potion of mutation]
 48543 | Vaults:1 | Gained mutation: Your system is resistant to poisons.
                  | (rPois) [potion of mutation]
 48543 | Vaults:1 | Gained mutation: You possess an exceptional clarity of
                  | mind. [potion of mutation]
 48932 | Vaults:1 | Found Renaaqut's Food Shop.
 49470 | Vaults:1 | Found Natsipam's Antique Armour Boutique.
 49477 | Vaults:1 | Bought a pair of encrusted boots for 294 gold pieces
 49477 | Vaults:1 | Bought a slimy ring mail for 279 gold pieces
 49477 | Vaults:1 | Identified the +5 ring mail of Naits {MR+ Dex+4 Slay-5}
                  | (You bought it in a shop on level 1 of the Vaults)
 49478 | Vaults:1 | Identified the cursed +0 pair of boots "Luirch" {SInv} (You
                  | bought it in a shop on level 1 of the Vaults)
 49625 | Vaults:1 | Reached skill level 15 in Spellcasting
 49776 | Vaults:1 | Found Vihoet's Distillery.
 49780 | Vaults:1 | Bought a potion of heal wounds for 70 gold pieces
 49780 | Vaults:1 | Bought a potion of heal wounds for 70 gold pieces
 49780 | Vaults:1 | Bought a potion of heal wounds for 70 gold pieces
 50193 | Vaults:2 | Noticed Xtahua
 50232 | Vaults:2 | Killed Xtahua
 50243 | Vaults:2 | Found a ruined gateway.
 50258 | Desolati | Entered the Desolation of Salt
 50533 | Desolati | Identified the Grimoire of Stolen Souls and Attacks
 50598 | Desolati | Reached skill level 15 in Armour
 50927 | Desolati | Identified the +1 leather armour "Alorchakk" {rF- rN+ MP+9
                  | Int+4 Dex+4} (You found it in the Desolation of Salt)
 50959 | Desolati | Identified the Volume of Megalomania
 51356 | Desolati | Identified the Collected Works on the Dusty Entourage
 51367 | Desolati | Identified the ring "Hyefep" {rPois rF++ MP-9 Str+3 Dex+3}
                  | (You found it in the Desolation of Salt)
 51662 | Vaults:2 | Found Emopn's Magic Scroll Boutique.
 51670 | Vaults:2 | Bought a scroll of acquirement for 988 gold pieces
 51915 | Vaults:2 | Noticed Mennas
 51963 | Vaults:2 | Reached XP level 22. HP: 150/168 MP: 32/41
 53125 | Vaults:3 | Found a staircase to the Crypt.
 53526 | Vaults:3 | Found Tadgh's Antique Weapon Shop.
 54829 | Vaults:4 | Found a shimmering altar of Xom.
 55385 | Vaults:4 | Reached XP level 23. HP: 144/174 MP: 33/42
 56522 | Vaults:4 | Learned a level 5 spell: Summon Mana Viper
 56525 | Vaults:4 | Learned a level 2 spell: Song of Slaying
 56578 | Vaults:5 | Entered Level 5 of the Vaults
 56588 | Vaults:5 | Reached skill level 27 in Hexes
 56931 | Vaults:5 | Identified the ring "Cekledwocom" {MR+ MP+9 Dex+3}
 57959 | Vaults:5 | Identified the +10 chain mail of Intercession {rElec rPois
                  | rF- MR-}
 58582 | Vaults:5 | Reached XP level 24. HP: 153/181 MP: 16/42
 59356 | Vaults:5 | Reached skill level 10 in Fighting
 59651 | Vaults:5 | Got a silver rune of Zot
 59656 | Vaults:5 | Identified a +2 pair of boots of running (You found it on
                  | level 5 of the Vaults)
 60068 | Vaults:5 | Bought a steaming lead ring for 145 gold pieces
 60068 | Vaults:5 | Bought a fine scimitar for 261 gold pieces
 60068 | Vaults:5 | Identified the cursed +0 scimitar of the Middle {drain,
                  | Str+3} (You bought it in a shop on level 5 of the Vaults)
 60069 | Vaults:5 | Identified the ring of Reuwops {Ice MR+ Slay+2} (You bought
                  | it in a shop on level 5 of the Vaults)
 60494 | Depths:3 | Noticed Nikola
 60557 | Depths:3 | Killed Nikola
 61011 | Depths:3 | Found a one-way gate leading to the halls of Pandemonium.
 61250 | Depths:4 | Paralysed by a floating eye for 3 turns
 61966 | Depths:4 | Reached XP level 25. HP: 122/202 MP: 8/42
 62062 | Depths:4 | Gained mutation: You are weak. (Str -2) [mutagenic glow]
 63559 | Depths:5 | Entered Level 5 of the Depths
 63642 | Depths:5 | Reached skill level 15 in Fighting
 63836 | Depths:5 | Found a gate to the Realm of Zot.
 65065 | Depths:5 | Found a basalt altar of Yredelemnul.
 65873 | Crypt:1  | Entered Level 1 of the Crypt
 65929 | Crypt:1  | Bought 2 potions of blood for 28 gold pieces
 65929 | Crypt:1  | Bought a potion of blood for 14 gold pieces
 66246 | Crypt:1  | Noticed Margery
 66299 | Crypt:1  | Killed Margery
 66299 | Crypt:1  | Reached XP level 26. HP: 163/226 MP: 30/42
 67741 | Crypt:1  | Lost mutation: Your mind is acute. (Int +2) [potion of
                  | mutation]
 67741 | Crypt:1  | Lost mutation: You are weak. (Str -2) [potion of mutation]
 67741 | Crypt:1  | Lost mutation: You are robust. (+10% HP) [potion of
                  | mutation]
 67741 | Crypt:1  | Gained mutation: You are weak. (Str -2) [potion of
                  | mutation]
 67741 | Crypt:1  | Gained mutation: Your flesh is heat resistant. (rF+)
                  | [potion of mutation]
 67741 | Crypt:1  | Gained mutation: Your spells are a little harder to cast,
                  | but a little more powerful. [potion of mutation]
 67742 | Crypt:1  | Lost mutation: You are weak. (Str -2) [potion of mutation]
 67742 | Crypt:1  | Lost mutation: Your system is resistant to poisons. (rPois)
                  | [potion of mutation]
 67742 | Crypt:1  | Lost mutation: Your flesh is heat resistant. (rF+) [potion
                  | of mutation]
 67742 | Crypt:1  | Gained mutation: You are somewhat resistant to further
                  | mutation. [potion of mutation]
 67742 | Crypt:1  | Gained mutation: You have a pair of small horns on your
                  | head. [potion of mutation]
 67759 | Crypt:1  | Bought 2 potions of blood for 28 gold pieces
 68686 | Crypt:2  | Reached skill level 5 in Air Magic
 68878 | Crypt:2  | Noticed Boris
 68897 | Crypt:2  | Killed Boris
 69391 | Crypt:2  | Noticed a greater mummy
 69393 | Crypt:2  | Killed a greater mummy
 69865 | Crypt:2  | Noticed Bai Suzhen
 69872 | Crypt:2  | Killed Bai Suzhen
 69872 | Crypt:2  | Reached skill level 5 in Shields
 70001 | Crypt:3  | Entered Level 3 of the Crypt
 70442 | Crypt:1  | Bought a potion of blood for 14 gold pieces
 71374 | Crypt:1  | Bought a potion of blood for 14 gold pieces
 72048 | Crypt:3  | Found a staircase to the Tomb.
 72280 | Crypt:3  | Found an ancient bone altar of Kikubaaqudgha.
 72566 | Crypt:3  | Reached skill level 1 in Fire Magic
 72663 | Crypt:3  | Noticed an ancient lich
 72674 | Crypt:3  | Killed an ancient lich
 72680 | Crypt:3  | Got a bound marble ring
 72681 | Crypt:3  | Identified the ring of Ricek {+Fly rN++} (You found it on
                  | level 3 of the Crypt)
 72687 | Crypt:3  | Got a vibrating tin ring
 72687 | Crypt:3  | Got a coiled turquoise ring
 72688 | Crypt:3  | Identified the ring of Xom's Wrath {rN+ MR+ Dex+2} (You
                  | found it on level 3 of the Crypt)
 72689 | Crypt:3  | Identified the ring of Jecihoiq {+Blink rF+ rN+ MR+ Dex-3}
                  | (You found it on level 3 of the Crypt)
 72695 | Crypt:3  | Identified the +4 scale mail of Midnight {+Blink MR+ Str+2}
                  | (You found it on level 3 of the Crypt)
 72787 | Crypt:3  | Reached skill level 1 in Summonings
 73442 | Depths:1 | Bought a potion of blood for 12 gold pieces
 73866 | Depths:1 | Voluntarily entered the Abyss.
 73866 | Abyss:1  | Found a corrupted altar of Lugonu.
 73914 | Abyss:1  | Found a corrupted altar of Lugonu.
 74125 | Abyss:1  | Found a corrupted altar of Lugonu.
 74490 | Abyss:1  | Reached skill level 5 in Summonings
 74652 | Abyss:2  | Found a corrupted altar of Lugonu.
 74755 | Abyss:2  | Lost mutation: You possess an exceptional clarity of mind.
                  | [potion of mutation]
 74755 | Abyss:2  | Lost mutation: Your spells are a little harder to cast, but
                  | a little more powerful. [potion of mutation]
 74755 | Abyss:2  | Lost mutation: You are partially covered in slimy green
                  | scales. (AC +2) [potion of mutation]
 74755 | Abyss:2  | Lost mutation: You have a pair of small horns on your head.
                  | [potion of mutation]
 74756 | Abyss:2  | Lost mutation: You are somewhat resistant to further
                  | mutation. [potion of mutation]
 74756 | Abyss:2  | Gained mutation: You expend magic power (3 MP) to
                  | strengthen your wands. [potion of mutation]
 74756 | Abyss:2  | Gained mutation: Your mind is acute. (Int +2) [potion of
                  | mutation]
 74756 | Abyss:2  | Gained mutation: You are robust. (+10% HP) [potion of
                  | mutation]
 74756 | Abyss:2  | Gained mutation: You have a pair of small antennae on your
                  | head. [potion of mutation]
 74919 | Abyss:3  | Reached XP level 27. HP: 136/235 MP: 34/43
 75336 | Abyss:3  | Paralysed by accursed screaming for 1 turns
 75343 | Abyss:3  | Paralysed by accursed screaming for 2 turns
 75488 | Abyss:3  | HP: 5/235 [purple draconian monk/bolt of dispelling energy
                  | (21)]
 75540 | Depths:1 | Escaped the Abyss
 75581 | Depths:1 | Bought 2 potions of blood for 24 gold pieces
 76378 | Depths:1 | Voluntarily entered the Abyss.
 76467 | Abyss:1  | Reached skill level 10 in Summonings
 76496 | Abyss:1  | Reached skill level 1 in Charms
 76710 | Abyss:3  | Found a corrupted altar of Lugonu.
 76927 | Abyss:3  | Found a corrupted altar of Lugonu.
 77061 | Abyss:3  | Reached skill level 1 in Necromancy
 77197 | Abyss:3  | Found a corrupted altar of Lugonu.
 77381 | Abyss:3  | Found a corrupted altar of Lugonu.
 77456 | Abyss:3  | Found a corrupted altar of Lugonu.
 77585 | Abyss:3  | Reached skill level 5 in Necromancy
 77629 | Abyss:3  | Got an abyssal rune of Zot
 77756 | Abyss:4  | Found a corrupted altar of Lugonu.
 77765 | Depths:1 | Escaped the Abyss
 77824 | Depths:1 | Bought a potion of blood for 12 gold pieces
 78300 | Zot:1    | Entered Level 1 of the Realm of Zot
 79020 | Zot:1    | Found a runed gate.
 79033 | Zot:1    | Found an opulent altar of Gozag.
 79033 | Zot:1    | Found Wuyck's Assorted Antiques.
 79035 | Zot:1    | Found a runed gate.
 79035 | Zot:1    | Found a runed gate.
 79035 | Zot:1    | Noticed whatisthis's ghost (veteran CeHu)
 79042 | Zot:1    | Found Beaq's Assorted Antiques.
 79377 | Zot:1    | Noticed an orb of fire
 79416 | Zot:1    | Killed an orb of fire
 79998 | Zot:1    | Killed whatisthis's ghost
 80035 | Zot:1    | Reached skill level 10 in Shields
 80101 | Zot:1    | Bought a glowing shield for 367 gold pieces
 80158 | Zot:2    | Identified the +8 ring mail of the Skies Above {rElec rF-
                  | MR+} (You found it on level 2 of the Realm of Zot)
 80829 | Elf:3    | You paid a toll of a +8 demon whip to enter a treasure
                  | trove
 80830 | Trove    | Entered a treasure trove
 81577 | Zot:2    | Found a runed door.
 81578 | Zot:2    | Found a shimmering altar of Xom.
 81578 | Zot:2    | Noticed Cakev's ghost (master GrFi)
 82283 | Zot:3    | Noticed an orb of fire
 82757 | Zot:4    | Cast into level 5 of the Abyss (the power of Zot)
 82757 | Abyss:5  | Entered Level 5 of the Abyss
 82758 | Abyss:5  | Found a corrupted altar of Lugonu.
 83352 | Abyss:5  | Found a corrupted altar of Lugonu.
 83415 | Zot:4    | Escaped the Abyss
 83420 | Zot:4    | Gained mutation: Your spells are a little easier to cast,
                  | but a little less powerful. [a neqoxec]
 83487 | Zot:3    | HP: 8/235 [death cob (20)]
 83679 | Depths:1 | Bought 3 potions of blood for 36 gold pieces
 84295 | Zot:4    | Paralysed by the power of Zot for 4 turns
 84311 | Zot:4    | HP: 7/235 [tentacled monstrosity (8)]
 84313 | Zot:4    | HP: 2/235 [tentacled monstrosity (3)]
 84494 | Depths:1 | Bought 2 potions of blood for 24 gold pieces
 87352 | Zot:4    | Reached skill level 15 in Shields
 87603 | Zot:5    | Entered Level 5 of the Realm of Zot
 87768 | Zot:5    | Noticed an ancient lich
 87768 | Zot:5    | Noticed an ancient lich
 87769 | Zot:5    | Noticed an orb of fire
 87770 | Zot:5    | Noticed an orb of fire
 87770 | Zot:5    | Noticed an orb of fire
 87770 | Zot:5    | Noticed an orb of fire
 87771 | Zot:5    | Noticed an orb of fire
 87772 | Zot:5    | Gained mutation: Your spells are easier to cast, but less
                  | powerful. [an orb of fire]
 87775 | Zot:5    | Gained mutation: Your body sometimes deteriorates upon
                  | taking damage. [an orb of fire]
 87782 | Zot:5    | Killed an ancient lich
 87785 | Zot:5    | Killed an ancient lich
 88361 | Depths:1 | Bought 2 potions of blood for 24 gold pieces
 89539 | Zot:5    | Reached skill level 10 in Necromancy
 89557 | Zot:5    | Noticed an orb of fire
 89559 | Zot:5    | Gained mutation: You are weak. (Str -2) [an orb of fire]
 89561 | Zot:5    | Noticed an orb of fire
 89571 | Zot:5    | Gained mutation: Your movements are slightly less
                  | encumbered by armour. (ER -2) [an orb of fire]
 89577 | Zot:5    | Noticed an orb of fire
 89579 | Zot:5    | Noticed an ancient lich
 89586 | Zot:5    | HP: 5/235 [orb of fire/bolt of fire (19)]
 89588 | Zot:5    | Killed from afar by an orb of fire

Vault maps used:
D:1:      dpeg_arrival_water_temple_mockup, chequers_mini_garden
D:2:      first_ration, uniq_sigmund
D:3:      portal_sewer_entry_f, minmay_misc_feat_columns,
          chequers_serial_rivers_micro_e, minmay_strange_pillars, uniq_natasha
D:4:      amethyst_overflow_temple_binary, minmay_misc_feat_plants,
          grunt_ministairs_1
D:5:      lemuel_coloured_pillars_altar, kb_lookout_dungeons_type
D:6:      kennysheep_mini_moat, minmay_temple_entry_drinking_statues,
          serial_shops, shop
D:7:      overflow_temple_1_default, kennysheep_nondescript, grunt_ogre_cave,
          sigmund_army, uniq_duvessa
D:8:      grunt_temple_overflow_holy_war, nicolae_overflow_crystal_walls,
          lightli_temple_of_fire, david_lair_shrubbed, serial_shops, shop, shop,
          shop, shop_statue, shop, ploomutoo_gammafunk_ghost_potion_laboratory,
          uniq_pikel, uniq_gastronok
D:9:      okawaru_humans, chequers_temple_overflow_minitemple, serial_rivers,
          chequers_serial_rivers_room_a, chequers_serial_rivers_room_b,
          chequers_serial_rivers_marsh, chequers_serial_rivers_small_a,
          chequers_serial_rivers_small_b, minmay_statue_crystal_thing
D:10:     serial_shops, shop, shop, kennysheep_mini, nicolae_shop_behind_doors,
          shop, lemuel_hellish_altar, uniq_psyche, uniq_maurice
D:11:     serial_shops, nicolae_shop_waterfront, grunt_decor_clamped
D:12:     statuecave_lemuel, david_orc_5
D:13:     grunt_vaults_entry_fortified, basic_altar
D:14:     serial_co_window_serial, co_window_paths_a,
          co_window_of_opportunity_a, co_window_paths_b, co_window_corner_a,
          co_window_corner_a, co_window_unsneaky_path_c, co_window_cross_3,
          co_window_2corner, co_window_cross_4, co_window_2corner,
          glass_columns_b, glass_columns_c, glass_columns_c, glass_columns_a,
          serial_shops, shop
D:15:     gammafunk_enter_depths_forms, basic_altar, hex_tiny,
          roderic_st_hans_cross, hangedman_decor_peaks_small
Temple:   compressed_dpeg_triangle_lava_temple
Lair:1:   wad_woods_structure_01, columned_hall_lemuel, uniq_harold
Lair:2:   elwin_shoals_entry_rooms, guppyfry_snake_entry_garden,
          infiniplex_staircase_pool
Lair:3:   cheibrodos_magma_flow, gammafunk_ghost_grave,
          portal_ice_cave_entry_imps, minivault_11, uniq_nergalle, uniq_fannar
Lair:4:   st_stairs_8, uniq_kirke
Lair:5:   grunt_megastairs_4, uniq_snorg
Lair:6:   grunt_lair_end_beastmaster, slime_dummy, gammafunk_ghost_ooze,
          serial_bayou_pond_d, infiniplex_staircase_pool_2, lemuel_fruit_fields
Shoals:2: uniq_ilsuiw, uniq_polyphemus
Shoals:3: nicolae_shoals_circle_sea_wall, ldierk_geyser
Shoals:4: shoals_end_grunt_ice, uniq_roxanne
Snake:1:  serial_bayou_ford_a, serial_bayou_lagoon_b, lemuel_fruit_tree,
          minmay_shoptagon
Snake:2:  guppyfry_library_mini, basic_stair_grate_trap
Snake:3:  serial_shops, shop, minmay_shop_grid_forest,
          nicolae_snake_salamander_stairs
Snake:4:  snake_pit_salamanders_mu
Orc:1:    mines2_david, uniq_urug
Orc:2:    st_orc_mages, basic_altar, serial_shops, bzr_in_the_mist,
          nooodl_orcs_dogs
Elf:1:    elf_arrival_002, serial_shops, bzr_entry_safe, minivault_28,
          serial_sigils_hangedman_carve
Elf:2:    minmay_shop_star
Elf:3:    elf_hall_gauntlet_narrow, nicolae_trove_entry_columns,
          corner_web_ring, kilobyte_mutagenic_chamber
Vaults:1: vaults_room_boxed, st_eye, nicolae_vaults_network_quinsquares,
          v_misc_10, v_misc_5, v_pattern_5, nicolae_vaults_network_barrier,
          vaults_room_grid, vaults_room_stairs_pillars, serial_shops,
          nicolae_shop_window_shopping, nicolae_shop_crystal, shop
Vaults:2: v_alt_pattern_2, grunt_vaults_swirl, nicolae_vaults_halls_meeting,
          nicolae_vaults_circle_grid_a, v_misc_32, ontoclasm_vaults_spin,
          vaults_room_pools, ontoclasm_vaults_chip, serial_shops, shop_scrolls,
          portal_desolation_entry_salt, uniq_mennas, uniq_xtahua
Vaults:3: ontoclasm_vaults_chip, nicolae_vaults_circle_grid_b, v_alt_pattern_4,
          ontoclasm_vaults_tryst, v_misc_28, ontoclasm_vaults_ring_small,
          minmay_crypt_entry_vampire_xt, v_alt_pattern_3,
          nicolae_vaults_hallways_thing, v_misc_29, ontoclasm_vaults_hangar,
          nicolae_vaults_holding_cells, dpeg_vaults_monster_box,
          hangedman_vaults_capsules, ontoclasm_vaults_twist,
          nicolae_vaults_rhombus_6, serial_shops, shop
Vaults:4: v_rooms_5, st_octagons_1, vaults_standard_mumra_lines,
          nicolae_vaults_little_squares_6, vaults_room_stairs_pillars,
          nicolae_vaults_yaktaur_gun_rack, hangedman_vaults_slice,
          nicolae_vaults_what_the_h, hangedman_vaults_trim, basic_altar
Vaults:5: serial_shops
Crypt:1:  uniq_margery
Crypt:2:  lemuel_minitomb, uniq_boris, uniq_bai_suzhen
Crypt:3:  evilmike_haunted_forest
Depths:1: cheibrodos_tormentor_scu, ebering_ghost_inner_flame, hell_entry,
          abyss_entry, abandoned_shop, roderic_lattice_a, serial_bayou_pond_a,
          kennysheep_flooded_box, minmay_evil_grid
Depths:2: minmay_the_grid_octo_tiled_squarecenter, hell_entry,
          muffindrake_ghost_three_little_ghosts, hangedman_decor_growths
Depths:3: hangedman_cross_stitches, enter_ziggurat_c, minmay_misc_feat_cross,
          hell_entry, rand_demon_pan_entry_3, infiniplex_staircase_x,
          uniq_nikola
Depths:4: minmay_octagon_city, chequers_serial_rivers_marsh,
          abyss_entry_crystal, hell_entry, infiniplex_staircase_pillars_3a
Depths:5: grunt_zot_entry_alcove, lemuel_round_altar, hangedman_geh_valley,
          kennysheep_random_hallway
Zot:1:    lemuel_draconian_sentries, ebering_ghost_gozag
Zot:2:    ebering_ghost_xom
Zot:3:    nrook_zot_tub
Zot:4:    hangedman_orp_of_zott, basic_stair_grate_trap
Abyss:2:  evilmike_abyss_exit_8, evilmike_abyss_exit_vortex
Abyss:3:  evilmike_abyss_exit_16
Abyss:4:  hangedman_abyss_overflow_altar, guppyfry_abyss_exit_imp_island
Abyss:5:  evilmike_abyss_exit_7, evilmike_abyss_exit_1, hangedman_eye_storm
Bazaar:   bazaar_short_row, bazaar_minmay_cross
Trove:    trove_misc_throne_room
Sewer:    sewer_fruit_machine
IceCv:    ice_cave_caverns_01

Skill      XL: |  1  2  3  4  5  6  7  8  9 10 11 12 13 14 15 16 17 18 19 20 21 22 23 24 25 26 27 |
---------------+----------------------------------------------------------------------------------+-----
Short Blades   | 2 3 6 11 14 | 14.0
Stealth        | 5 8 10 11 15 16 19 26 27 | 27.0
Hexes          | 5 6 10 15 16 17 21 26 27 | 27.0
Armour         | 2 6 7 8 12 13 16 17 20 | 20.4
Dodging        | 4 6 9 15 16 19 21 23 24 | 24.0
Spellcasting   | 4 8 10 11 13 15 16 | 16.0
Conjurations   | 2 |  2.1
Shields        | 3 4 8 15 | 15.4
Air Magic      | 2 5 |  5.0
Poison Magic   | 2 |  2.0
Fighting       | 8 12 16 17 | 17.0
Fire Magic     | 4 |  4.0
Summonings     | 6 10 | 10.0
Charms         | 4 |  4.4
Necromancy     | 10 | 10.6

Action                   |  1- 3 |  4- 6 |  7- 9 | 10-12 | 13-15 | 16-18 | 19-21 | 22-24 | 25-27 || total
-------------------------+-------+-------+-------+-------+-------+-------+-------+-------+-------++-------
Melee: Dagger            |    77 |   520 |   291 |       |       |       |       |       |       ||   888
       Bite              |     6 |    50 |    60 |    83 |   168 |   115 |   275 |   412 |   858 ||  2027
       Rapier            |       |       |   322 |   657 |  1471 |  1160 |  1854 |  2065 |  4001 || 11530
       Unarmed           |       |       |       |       |       |     6 |       |       |       ||     6
       Headbutt          |       |       |       |       |       |       |       |       |   292 ||   292
Throw: Throwing net      |       |       |       |       |       |     1 |       |       |       ||     1
 Cast: Confuse           |     1 |       |    15 |    30 |    80 |    44 |   102 |    25 |    80 ||   377
       Ensorcelled Hiber |       |     4 |    16 |    24 |    51 |    53 |    27 |       |     1 ||   176
       Tukima's Dance    |       |       |     4 |       |    36 |    70 |    44 |    42 |    25 ||   221
       Invisibility      |       |       |       |       |     5 |    20 |    12 |    13 |    12 ||    62
       Mephitic Cloud    |       |       |       |       |     1 |     8 |     8 |    22 |    21 ||    60
       Conjure Flame     |       |       |       |       |       |     5 |     9 |     4 |     3 ||    21
       Shroud of Golubri |       |       |       |       |       |     2 |     2 |     1 |     2 ||     7
       Vampiric Draining |       |       |       |       |       |     2 |       |       |    11 ||    13
       Summon Mana Viper |       |       |       |       |       |       |       |    16 |    37 ||    53
       Inner Flame       |       |       |       |       |       |       |       |     1 |       ||     1
Invok: Call Merchant     |       |       |       |       |     1 |     3 |     3 |     4 |     4 ||    15
       Potion Petition   |       |       |       |       |       |       |     2 |       |     4 ||     6
       Bribe Branch      |       |       |       |       |       |       |       |       |     1 ||     1
 Abil: End Transformatio |       |       |       |       |       |     2 |     2 |       |     2 ||     6
       Bat Form          |       |       |       |       |       |     2 |     2 |       |     2 ||     6
Evoke: Wand              |       |       |     1 |     6 |     6 |    11 |    10 |     6 |    17 ||    57
       Sack of spiders   |       |       |       |       |       |     6 |     1 |       |       ||     7
       Lamp of fire      |       |       |       |       |       |     1 |       |     1 |     2 ||     4
       Phantom mirror    |       |       |       |       |       |       |       |       |     2 ||     2
       Box of beasts     |       |       |       |       |       |       |       |       |     2 ||     2
  Use: Potion            |     3 |     8 |    11 |     3 |     7 |    13 |     8 |     6 |    42 ||   101
       Scroll            |       |     9 |     9 |    13 |    31 |    14 |    34 |    15 |    22 ||   147
 Stab: Sleeping          |    10 |    12 |    38 |    61 |   111 |    98 |   139 |    55 |   136 ||   660
       Confused          |     3 |       |    10 |    29 |    43 |    25 |    72 |    45 |    86 ||   313
       Distracted        |     1 |     2 |     1 |     9 |    27 |    19 |    24 |    44 |    93 ||   220
       Invisible         |       |     1 |       |     1 |    24 |    46 |    49 |    82 |    72 ||   275
       Petrified         |       |       |       |       |     5 |       |       |       |       ||     5
  Eat: Corpse            |     2 |    13 |    11 |       |       |       |       |       |       ||    26
Armor: Robe              |    12 |       |       |       |       |       |       |       |       ||    12
       Ring mail         |     3 |   207 |   194 |   183 |   395 |   246 |   336 |       |       ||  1564
       Shadow dragon sca |       |       |       |       |       |       |   159 |   603 |  1170 ||  1932
Dodge: Dodged            |    49 |   288 |   323 |   307 |   999 |   710 |   938 |  1059 |  2601 ||  7274
Block: Buckler           |       |       |       |       |    19 |   179 |   288 |   329 |  1063 ||  1878
       Shield            |       |       |       |       |       |       |       |       |    17 ||    17

Table legend:
 A = Non-vault XP
 B = Vault XP
 C = Vault XP percentage of total XP
 D = Non-vault monster count
 E = Vault monster count
 F = Vault count percentage of total count
                 A         B        C        D         E       F
            +---------+---------+-------+---------+---------+-------
      Total | 1038916 |  965597 |  48.2 |    1872 |    1231 |  39.7
            +---------+---------+-------+---------+---------+-------
        D:1 |      40 |       0 |   0.0 |      19 |       0 |   0.0
        D:2 |      38 |     242 |  86.4 |      15 |       1 |   6.2
        D:3 |     277 |      48 |  14.8 |      35 |       6 |  14.6
        D:4 |     569 |       0 |   0.0 |      24 |       0 |   0.0
        D:5 |     473 |     110 |  18.9 |      16 |       1 |   5.9
        D:6 |     660 |       0 |   0.0 |      28 |       0 |   0.0
        D:7 |     894 |     352 |  28.3 |      32 |       6 |  15.8
        D:8 |     979 |    6530 |  87.0 |      30 |       9 |  23.1
        D:9 |     605 |     409 |  40.3 |      10 |       2 |  16.7
       D:10 |    4126 |    2015 |  32.8 |      40 |       6 |  13.0
       D:11 |    2938 |       0 |   0.0 |      21 |       0 |   0.0
       D:12 |    4656 |    1438 |  23.6 |      28 |      24 |  46.2
       D:13 |    8580 |    6098 |  41.5 |      39 |      10 |  20.4
       D:14 |   10409 |       0 |   0.0 |      34 |       0 |   0.0
       D:15 |    3872 |    4050 |  51.1 |      15 |      10 |  40.0
     Lair:1 |    2121 |    2040 |  49.0 |       8 |       7 |  46.7
     Lair:2 |    1799 |     789 |  30.5 |       8 |       3 |  27.3
     Lair:3 |    3205 |    2936 |  47.8 |      15 |      20 |  57.1
     Lair:4 |    6215 |    3091 |  33.2 |      18 |       6 |  25.0
     Lair:5 |    5433 |    1289 |  19.2 |      21 |       2 |   8.7
     Lair:6 |    5461 |    9533 |  63.6 |      19 |      23 |  54.8
   Shoals:1 |    5718 |       0 |   0.0 |      13 |       0 |   0.0
   Shoals:2 |   13395 |   10501 |  43.9 |      22 |      10 |  31.2
   Shoals:3 |   15513 |       0 |   0.0 |      30 |       0 |   0.0
   Shoals:4 |   16866 |   18054 |  51.7 |      35 |      30 |  46.2
    Snake:1 |    7561 |       0 |   0.0 |      26 |       0 |   0.0
    Snake:2 |   18742 |    3654 |  16.3 |      35 |      10 |  22.2
    Snake:3 |   15578 |     523 |   3.2 |      34 |       1 |   2.9
    Snake:4 |   22457 |   48418 |  68.3 |      39 |      69 |  63.9
      Orc:1 |    2270 |     886 |  28.1 |      47 |       6 |  11.3
      Orc:2 |     727 |    5998 |  89.2 |      17 |      60 |  77.9
      Elf:1 |   14144 |    8594 |  37.8 |      22 |      17 |  43.6
      Elf:2 |   19999 |   25745 |  56.3 |      36 |      31 |  46.3
      Elf:3 |   21466 |   30554 |  58.7 |      32 |      21 |  39.6
   Vaults:1 |   21038 |   29108 |  58.0 |      46 |      42 |  47.7
   Vaults:2 |   29589 |   24882 |  45.7 |      52 |      30 |  36.6
   Vaults:3 |   32090 |   17195 |  34.9 |      45 |      38 |  45.8
   Vaults:4 |   55894 |   38549 |  40.8 |     100 |      49 |  32.9
   Vaults:5 |   32732 |  135501 |  80.5 |      62 |     108 |  63.5
    Crypt:1 |   44848 |   10317 |  18.7 |      60 |       8 |  11.8
    Crypt:2 |   33504 |   21881 |  39.5 |      57 |      20 |  26.0
    Crypt:3 |       0 |   67582 | 100.0 |       0 |     102 | 100.0
   Depths:1 |   34886 |   34430 |  49.7 |      46 |      21 |  31.3
   Depths:2 |   20960 |   37926 |  64.4 |      36 |      27 |  42.9
   Depths:3 |   33500 |   17726 |  34.6 |      43 |      19 |  30.6
   Depths:4 |   21688 |  119811 |  84.7 |      22 |      81 |  78.6
   Depths:5 |   35748 |   26473 |  42.5 |      44 |      22 |  33.3
      Zot:1 |   65342 |   34081 |  34.3 |      35 |      18 |  34.0
      Zot:2 |   40543 |       0 |   0.0 |      24 |       0 |   0.0
      Zot:3 |   72405 |       0 |   0.0 |      40 |       0 |   0.0
      Zot:4 |   78942 |   33018 |  29.5 |      54 |      39 |  41.9
      Zot:5 |   31279 |   32906 |  51.3 |      15 |      15 |  50.0
    Abyss:1 |   23948 |    4888 |  17.0 |      50 |       3 |   5.7
    Abyss:2 |    6763 |       0 |   0.0 |      16 |       0 |   0.0
    Abyss:3 |   42864 |   22258 |  34.2 |      99 |      31 |  23.8
    Abyss:5 |   42567 |       0 |   0.0 |      63 |       0 |   0.0
      Sewer |       0 |      82 | 100.0 |       0 |      23 | 100.0
      IceCv |       0 |   13501 | 100.0 |       0 |      50 | 100.0
 Desolation |       0 |   49585 | 100.0 |       0 |      94 | 100.0
            +---------+---------+-------+---------+---------+-------
